 Dungeon Crawl Stone Soup version 0.30-a0-341-g682706514a (webtiles) character file.

Game seed: 6151232705843599728

671 LnG the Covert (level 7, -2/38 HPs)
             Began as a Kobold Summoner on Nov 2, 2022.
             Killed by divine providence
             ... invoked by an orc priest
              (14 damage)
             ... on level 5 of the Dungeon.
             The game lasted 00:08:51 (3937 turns).

LnG the Covert (Kobold Summoner)                    Turns: 3937, Time: 00:08:52

Health: -2/38      AC:  2    Str:  5    XL:     7   Next: 89%
Magic:  5/11       EV: 16    Int: 19    God:
Gold:   176        SH:  0    Dex: 15    Spells: 6/12 levels left

rFire   . . .      SeeInvis .    c - +0 short sword
rCold   . . .      Faith    .    (no shield)
rNeg    . . .      Spirit   .    a - +0 robe
rPois   .          Reflect  .    (no helmet)
rElec   .          Harm     .    (no cloak)
rCorr   .          Rampage  .    (no gloves)
Will    .....                    (no boots)
Stlth   +++++.....               (no amulet)
HPRegen 0.26/turn                n - ring of flight
MPRegen 0.12/turn                s - ring of wizardry

@: weak-willed, flying
A: small, no large weapons, nightstalker 3
a: no special abilities


You were on level 5 of the Dungeon.
You visited 1 branch of the dungeon, and saw 5 of its levels.

You collected 176 gold pieces.

Inventory:

Hand Weapons
 c - a +0 short sword (weapon)
Armour
 a - a +0 robe (worn)
Jewellery
 n - a ring of flight (left hand)
 s - a ring of wizardry (right hand)
Scrolls
 f - a scroll of torment
 i - a scroll of magic mapping
 j - 2 scrolls of immolation
 k - a scroll of teleportation {unknown}
 m - a scroll of fear {unknown}
 o - a scroll of vulnerability
Potions
 b - a potion of magic
 d - a potion of cancellation {unknown}
 e - a potion of invisibility
 g - a potion of berserk rage {unknown}
 h - 2 potions of heal wounds
 l - a potion of flight {unknown}
 p - a potion of haste {unknown}
 q - a potion of degeneration {unknown}
 r - a potion of curing {unknown}


   Skills:
 + Level 1.5 Fighting
 + Level 2.7 Short Blades
 * Level 4.5 Dodging
 * Level 8.2 Stealth
 + Level 3.1 Spellcasting
 + Level 5.1 Summonings


You had 6 spell levels left.
You knew the following spells:

 Your Spells              Type           Power      Damage    Failure   Level
a - Summon Small Mammal   Summ           88%        N/A       1%          1
b - Call Imp              Summ           22%        N/A       1%          2
c - Call Canine Familiar  Summ           22%        N/A       2%          3

Your spell library contained the following spells:

 Spells                   Type           Power      Damage    Failure   Level
 Summon Guardian Golem    Hex/Summ       12%        N/A       6%          3
 Gell's Gravitas          Tloc           2%         N/A       17%         3
 Lesser Beckoning         Tloc           4%         N/A       17%         3
 Stone Arrow              Conj/Erth      4%         3d7       17%         3
 Teleport Other           Tloc           2%         N/A       17%         3
 Animate Armour           Summ/Erth      24%        N/A       21%         4
 Summon Lightning Spire   Summ/Air       12%        N/A       21%         4
 Lehudib's Crystal Spear  Conj/Erth      1%         10d2      100%        8


Dungeon Overview and Level Annotations

Branches:
Dungeon (5/15)
 Temple: D:4-7

Altars:

Shops:
D:1 ?   D:2 *

Portals:
Abyss: D:4

Annotations:
D:4 2 transporters, p00ps00p's ghost, novice HOFi


Innate Abilities, Weirdness & Mutations

You are small and have problems with some larger weapons.
You are completely attuned to the shadows.


Message History

The orc priest is lightly wounded.
Your hound bites the orc priest.
The orc priest completely misses you.
The orc wizard hits you with a +0 dagger.
* * * LOW HITPOINT WARNING * * *
Unknown command.
You feel much better.
Your hound bites the orc priest.
The orc wizard misses you. The orc priest hits you with a +0 whip.
Your hound bites the orc priest but does no damage.
Unknown command.
You hit the orc priest but do no damage.
The orc priest is heavily wounded.
Your hound bites the orc priest.
The orc wizard hits you but does no damage.
The orc priest calls down the wrath of Beogh upon your hound.
Your hound is smitten.
Unknown command.
You closely miss the orc priest.
The orc priest is severely wounded.
Your hound bites the orc priest.
The orc priest hits you with a +0 whip.
The orc wizard hits you with a +0 dagger.
Unknown command.
You hit the orc priest but do no damage.
Your punch misses the orc priest.
The orc priest is almost dead.
Your hound barely misses the orc priest.
Unknown command.
Your hound bites the orc priest but does no damage.
The orc priest invokes the aid of Beogh against your hound.
Your hound is smitten.
Your hound dies!
Your hound's corpse disappears in a puff of smoke!
Things that are here:
a +1 hand axe of venom; an orc corpse You barely miss the orc priest.
The orc priest shouts!
The orc priest is almost dead.
The orc wizard hits you with a +0 dagger.
The orc priest invokes the aid of Beogh against you.
Beogh smites you!
You die...

.....#..#
.........#
.........#
..........
........#
........#
........##
......!..#
...)o@...#
....o....#
.....ยงยง.##
.......##
.....###
....## ...#


You could see an orc priest (weak-willed) and an orc wizard (weak-willed).

Vanquished Creatures
  Menkaure (D:4)
  An ogre (D:5)
  A scorpion (D:4)
  2 hounds (D:4)
  3 adders
  A worm (D:2)
  4 orcs (D:4)
  5 ball pythons
  2 bat skeletons (D:2)
  3 endoplasms
  6 giant cockroaches
  4 goblins
  4 hobgoblins
  6 jackals
  4 quokkas
  5 bats
  3 frilled lizards
  6 kobolds
  A quokka skeleton (D:2)
  10 rats
72 creatures vanquished.

Vanquished Creatures (collateral kills)
  Blork the orc (D:4)
  A necrophage (D:4)
  A hound (D:4)
  An orc priest (D:5)
  An iguana (D:4)
  A shadow imp (D:5)
  A worm (D:4)
  4 orcs
  An endoplasm (D:4)
  2 giant cockroaches (D:1)
  4 jackals (D:4)
  2 ball pythons
  A bat (D:1)
  A kobold (D:1)
  A rat (D:1)
23 creatures vanquished.

Vanquished Creatures (others)
  A withered plant (D:2)
1 creature vanquished.

Grand Total: 96 creatures vanquished

Notes
Turn   | Place    | Note
-------+----------+-------------------------------------------
     0 | D:1      | LnG the Kobold Summoner began the quest for the Orb.
     0 | D:1      | Reached XP level 1. HP: 10/10 MP: 3/3
   205 | D:1      | Found Vielom Uczyg's Magic Scroll Emporium.
   214 | D:1      | Reached XP level 2. HP: 15/15 MP: 3/5
   217 | D:1      | Learned a level 2 spell: Call Imp
   548 | D:1      | Reached skill level 3 in Stealth
   721 | D:1      | Found a faded altar of an unknown god.
   843 | D:1      | Reached XP level 3. HP: 8/19 MP: 2/6
  1136 | D:2      | Reached skill level 4 in Stealth
  1233 | D:2      | Reached XP level 4. HP: 24/24 MP: 7/7
  1249 | D:2      | Learned a level 3 spell: Call Canine Familiar
  1751 | D:2      | Found Kecag's Assorted Antiques.
  2038 | D:3      | Reached skill level 1 in Short Blades
  2464 | D:4      | Reached XP level 5. HP: 7/28 MP: 1/8
  2469 | D:4      | Reached skill level 5 in Stealth
  2714 | D:4      | Found a transporter.
  2775 | D:4      | Reached skill level 6 in Stealth
  2775 | D:4      | Reached XP level 6. HP: 33/33 MP: 9/9
  2871 | D:4      | Noticed Menkaure
  2896 | D:4      | Reached skill level 1 in Fighting
  3059 | D:4      | Killed Menkaure
  3060 | D:4      | Reached skill level 7 in Stealth
  3060 | D:4      | Reached XP level 7. HP: 38/38 MP: 9/11
  3271 | D:4      | Noticed Blork the orc
  3282 | D:4      | Killed Blork the orc
  3430 | D:4      | Reached skill level 5 in Summonings
  3572 | D:4      | Found a one-way gate to the infinite horrors of the Abyss.
  3572 | D:4      | Noticed p00ps00p's ghost (novice HOFi)
  3574 | D:4      | Found a transporter.
  3796 | D:5      | Entered Level 5 of the Dungeon
  3799 | D:5      | Reached skill level 8 in Stealth
  3937 | D:5      | Killed from afar by an orc priest

Illustrated notes

Levels and vault maps discovered:
D:1:      dpeg_arrival_prison, layout_rooms, serial_shops,
          nicolae_shop_waterfront, hellmonk_ecumenical_altar_leap_of_faith
D:2:      layout_rooms, serial_shops, nicolae_lakefront_shop, serial_undead,
          serial_undead_b, serial_undead_c, serial_undead_f, serial_undead_b,
          eino_curves_03
D:3:      layout_rooms
D:4:      dreamdust_elfheim, layout_cave_pods, gammafunk_ghost_abyssal_escape,
          uniq_blork_the_orc, uniq_menkaure
D:5:      layout_cave_pods, minmay_temple_entry_glassed_door

Skill      XL: |  1  2  3  4  5  6  7 |
---------------+----------------------+-----
Stealth        | 3 4 6 7 8 |  8.2
Dodging        | 3 4 |  4.5
Short Blades   | 1 2 |  2.7
Fighting       | 1 |  1.5
Summonings     | 5 |  5.1
Spellcasting   | 3 |  3.1

Action                   |  1- 3 |  4- 6 |  7- 9 || total
-------------------------+-------+-------+-------++-------
Melee: Unarmed           |     5 |       |       ||     5
       Short sword       |    79 |   128 |    65 ||   272
       Punch             |     1 |       |       ||     1
 Cast: Summon Small Mamm |     9 |       |       ||     9
       Call Imp          |     2 |     4 |     1 ||     7
       Call Canine Famil |       |     4 |     5 ||     9
  Use: Potion            |     1 |       |     2 ||     3
       Scroll            |       |     3 |     2 ||     5
 Stab: Sleeping          |    16 |    22 |     7 ||    45
       Distracted        |       |     1 |     1 ||     2
Armor: Robe              |    21 |    11 |     2 ||    34
Dodge: Dodged            |    95 |    91 |    55 ||   241

Table legend: (Time is in decaauts)
 A = Elapsed time spent in this place.
 B = Non-inter-level travel time spent in this place.
 C = Inter-level travel time spent in this place.
 D = Time resting spent in this place.
 E = Time spent auto-exploring this place.
 F = Levels seen in this place.
 G = Mean time per level.
                   A        B        C        D        E       F      G
               +--------+--------+--------+--------+--------+-----+--------+
         Total |   3920 |   3795 |    125 |    401 |   2633 |   5 |  784.0 |
       Dungeon |   3920 |   3795 |    125 |    401 |   2633 |   5 |  784.0 |
               +--------+--------+--------+--------+--------+-----+--------+

Top non-repeatable levels by time:
     D:4: 1339 daAuts
     D:2: 940 daAuts
     D:1: 888 daAuts
     D:3: 614 daAuts
     D:5: 137 daAuts
